 Dungeon Crawl Stone Soup version 0.21.1-1-g345015f (webtiles) character file.

14346 KromesxD the Basher (level 11, 0/150 (151) HPs)
             Began as a Minotaur Berserker on June 4, 2018.
             Was a High Priest of Trog.
             Slain by a white ugly thing (7 damage)
             ... on level 11 of the Dungeon.
             The game lasted 00:50:10 (12873 turns).

KromesxD the Basher (Minotaur Berserker)           Turns: 12873, Time: 00:50:11

HP:   0/150 (151)   AC: 13    Str: 27    XL:     11   Next: 87%
MP:   10/10         EV: 13    Int: 12    God:    Trog [*****.]
Gold: 571           SH:  0    Dex: 12    Spells: 10/10 levels left

rFire    + . .     SeeInvis .   D - +8 flail "Coefim" {pain, Fragile rF+ Int+5 Dex+2}
rCold    . . .     Gourm    .   (no shield)
rNeg     . . .     Faith    .   j - +1 chain mail
rPois    .         Spirit   .   (helmet restricted)
rElec    .         Reflect  .   k - scarf {repulsion}
rCorr    .         Harm     .   r - +0 pair of gloves
MR       .....                  (no boots)
Stlth    ..........             (no amulet)
HPRegen  0.35/turn              (no ring)
MPRegen  0.12/turn              (no ring)

@: berserking, lethally poisoned (0 -> -1), repel missiles, very quick
A: retaliatory headbutt, horns 2
a: Berserk, Trog's Hand, Brothers in Arms, Burn Spellbooks, Renounce Religion


You were on level 11 of the Dungeon.
You worshipped Trog.
Trog was extremely pleased with you.
You were very hungry.

You visited 1 branch of the dungeon, and saw 11 of its levels.
You also visited: Ossuary.

You collected 571 gold pieces.

Inventory:

Hand Weapons
 q - a +2 flail of protection
 D - the +8 flail "Coefim" (weapon) {pain, Fragile rF+ Int+5 Dex+2}
   (You found it on level 6 of the Dungeon)

   In the hands of one skilled in necromantic magic, it inflicts extra damage on
   living creatures.
   It affects your intelligence (+5).
   It affects your dexterity (+2).
   It protects you from fire.
   It will be destroyed if unequipped.
 J - the +8 dire flail of Slow Death {venom, *Rage rC+++ rN++}
   (Trog gifted it to you on level 8 of the Dungeon)

   It poisons the flesh of those it strikes.
   It renders you almost immune to cold.
   It greatly protects you from negative energy.
   It may make you go berserk in combat.
 K - a +1 longbow of flaming
Missiles
 v - 135 arrows
Armour
 j - a +1 chain mail (worn)
 k - a scarf of repulsion (worn)
 r - a +0 pair of gloves (worn)
 C - a +0 plate armour
Jewellery
 t - the ring "Lilaodegg" {Fire rPois, unknown}
   (You found it on level 11 of the Dungeon)

   [ring of fire]

   It enhances your fire magic.
   It protects you from fire.
   It makes you vulnerable to cold.
   It protects you from poison.
Wands
 p - a wand of digging (15)
 x - a wand of acid (11)
 E - a wand of disintegration (9)
Scrolls
 a - a scroll of blinking {unknown}
 e - 10 scrolls of teleportation
 f - 2 scrolls of fog {unknown}
 g - a scroll of enchant weapon
 i - 2 scrolls of magic mapping
 l - 11 scrolls of remove curse
 w - a scroll of immolation {unknown}
 A - a scroll of enchant armour
 B - a scroll of holy word {unknown}
 M - a scroll of identify
Potions
 d - 3 potions of brilliance
 h - 2 potions of magic
 m - a potion of flight
 n - 8 potions of curing
 s - a potion of cancellation
 u - 2 potions of ambrosia
 z - 2 potions of invisibility
 F - 2 potions of lignification {unknown}
 G - 3 potions of agility {unknown}
 H - 3 potions of might {unknown}
Books
 y - a book of Minor Magic

   Spells                             Type                      Level
   a - Magic Dart                     Conjuration                  1
   b - Blink                          Translocation                2
   c - Call Imp                       Summoning                    2
   d - Slow                           Hexes                        2
   e - Conjure Flame                  Conjuration/Fire             3
   f - Mephitic Cloud                 Conjuration/Poison/Air       3
   Trog disapproves of the use of such an item.
 I - a book of Necromancy

   Spells                             Type                      Level
   a - Pain                           Necromancy                   1
   b - Animate Skeleton               Necromancy                   1
   c - Vampiric Draining              Necromancy                   3
   d - Regeneration                   Charms/Necromancy            3
   e - Animate Dead                   Necromancy                   4
   f - Borgnjor's Vile Clutch         Necromancy/Earth             5
   Trog disapproves of the use of such an item.
Miscellaneous
 b - a fan of gales
 o - a lamp of fire
Comestibles
 c - 12 rations
 L - 3 chunks of flesh


   Skills:
 * Level 10.8 Fighting
   Level 10.6(13.0) Axes
 - Level 12.6(14.0) Maces & Flails
 - Level 9.5 Armour
 - Level 8.7 Dodging


You had 10 spell levels left.
You didn't know any spells.

Dungeon Overview and Level Annotations

Branches:
Dungeon (11/15)            Temple (0/1) D:4            Lair (0/6) D:10
    Orc: D:9-12

Altars:
Cheibriados
Dithmenos
Elyvilon
Fedhas
Hepliaklqana
Okawaru
Qazlal
Sif Muna
Vehumet
Zin
The Shining One

Shops:
D:9 }}:

Annotations:
D:9 exclusion: ice statue


Innate Abilities, Weirdness & Mutations

You reflexively headbutt those who attack you in melee.
You have a pair of horns on your head.


Message History

You feel sick.
The white ugly thing kicks you but does no damage.
You sock the white ugly thing!
The white ugly thing is heavily wounded.
The white ugly thing kicks you. The white ugly thing freezes you!
You closely miss the white ugly thing.
The white ugly thing is heavily wounded.
You closely miss the white ugly thing. You headbutt the white ugly thing!
The white ugly thing is severely wounded.
You feel sick. The white ugly thing kicks you.
The white ugly thing freezes you!!
Your chain mail prevents you from hitting the white ugly thing.
The white ugly thing is severely wounded.
The white ugly thing kicks you! The white ugly thing freezes you!!
* * * LOW HITPOINT WARNING * * *
A red film seems to cover your vision as you go berserk!
You feel yourself moving faster!
You feel mighty!
You are feeling very hungry.
The white ugly thing kicks you!
You die...

#........##..###.##)#
#........###.......)###
#....)(..# #####..#...####
####.##)## ##..###....# #.##..#
##..## ####.## ###.###(###
#....### #... ######^..# #.(.#
#.##...# ###. #......###
###.###.####.######. #.....##
##@.#..............
#.....#######u....#####....####
#.............#....##..(.#.#
#......#........##.##.##.#.#
#....###.(.....###....##.#.#
#...(# #.(....#####..###...#
#....# #.......u(.#...###..####
###### #########K...........[..
#...###...........


You could see a white ugly thing.

Vanquished Creatures
  A hydra (D:11)
  2 two-headed ogres
  The ghost of Tarasboulda the Ducker, a novice TrMo of the Shining One (D:8)
  The ghost of Pawles22 the Grappler, a novice MiMo (D:7)
  An unseen horror (D:7)
  A wolf spider zombie (D:11)
  A cyclops (D:11)
  Psyche (D:9)
  2 trolls
  A queen bee (D:8)
  The ghost of diana the Ducker, an amateur DgFi (D:3)
  A hornet (D:8)
  Grinder (D:3)
  Prince Ribbit (D:6)
  A hippogriff (D:10)
  Sigmund (D:2)
  2 hungry ghosts
  A basilisk (D:10)
  4 porcupines (D:10)
  4 orc warriors
  2 ice beasts
  2 phantoms
  A sky beast (D:6)
  2 wolves (D:10)
  An eye of draining (D:9)
  4 black bears
  3 necrophages
  6 ogres
  2 centaurs
  4 crocodiles
  4 big kobolds
  4 bullfrogs
  2 water moccasin zombies (Ossuary)
  2 scorpions
  A wyvern skeleton (D:10)
  15 killer bees (D:8)
  17 wights
  6 howler monkeys
  2 electric eels (D:8)
  4 crimson imps
  2 bullfrog zombies (D:8)
  A centaur zombie (D:9)
  6 hounds
  A quasit (D:8)
  8 orc wizards
  3 bullfrog skeletons
  A gnoll shaman (D:5)
  4 jellies
  8 orc priests
  8 worker ants
  4 iguanas
  3 big kobold zombies (Ossuary)
  3 hound skeletons
  2 mummies (Ossuary)
  Robin (D:2)
  6 gnolls (D:5)
  16 adders
  2 shadow imps
  8 adder zombies
  2 worms
  3 dart slugs
  4 leopard geckos
  40 orcs
  2 ball pythons
  7 giant cockroaches
  2 gnoll zombies (Ossuary)
  16 goblins
  15 hobgoblins
  12 jackals
  32 kobolds
  3 quokkas
  7 bats
  3 frilled lizards
  5 hobgoblin zombies (Ossuary)
  5 kobold zombies (Ossuary)
  6 orc zombies (Ossuary)
  6 rats
370 creatures vanquished.

Vanquished Creatures (others)
  An orc wizard (D:8)
1 creature vanquished.

Grand Total: 371 creatures vanquished

Notes
Turn   | Place    | Note
-------+----------+-------------------------------------------
     0 | D:1      | KromesxD the Minotaur Berserker began the quest for the Orb.
     0 | D:1      | Reached XP level 1. HP: 19/19 MP: 0/0
   179 | D:1      | Reached XP level 2. HP: 26/27 MP: 1/1
   527 | D:1      | Reached XP level 3. HP: 28/33 MP: 2/2
   689 | D:2      | Reached skill level 5 in Axes
   726 | D:2      | Noticed an ogre
   733 | D:2      | Killed an ogre
   733 | D:2      | Reached XP level 4. HP: 24/40 MP: 3/3
   733 | D:2      | Reached XP level 5. HP: 28/46 MP: 4/4
   876 | D:2      | Reached ** piety under Trog
   979 | D:2      | Noticed Robin
  1003 | D:2      | Killed Robin
  1069 | D:2      | Noticed Sigmund
  1077 | D:2      | Killed Sigmund
  1077 | D:2      | Reached XP level 6. HP: 52/52 MP: 5/5
  1297 | D:3      | Noticed Grinder
  1298 | D:3      | Noticed diana's ghost (amateur DgFi)
  1300 | D:3      | Paralysed by Grinder for 4 turns
  1727 | D:3      | Killed diana's ghost
  1727 | D:3      | Reached XP level 7. HP: 37/59 MP: 6/6
  2188 | D:3      | Reached *** piety under Trog
  2353 | D:3      | Killed Grinder
  2353 | D:3      | Reached skill level 10 in Axes
  2906 | D:4      | Reached XP level 8. HP: 63/66 MP: 7/7
  3098 | D:4      | Found a staircase to the Ecumenical Temple.
  3618 | D:5      | Entered Level 5 of the Dungeon
  3816 | D:5      | Reached skill level 5 in Armour
  3851 | D:5      | Found a deep blue altar of Sif Muna.
  4048 | D:5      | Found a glowing golden altar of the Shining One.
  4049 | D:5      | Found a glowing silver altar of Zin.
  4055 | D:5      | Found a white marble altar of Elyvilon.
  4226 | D:5      | Found a hazy altar of Hepliaklqana.
  4266 | D:5      | Reached skill level 5 in Dodging
  4277 | D:5      | Found a snail-covered altar of Cheibriados.
  4279 | D:5      | Reached **** piety under Trog
  4854 | D:5      | Found an iron altar of Okawaru.
  5026 | D:6      | Noticed a two-headed ogre
  5035 | D:6      | Killed a two-headed ogre
  5035 | D:6      | Reached XP level 9. HP: 65/71 MP: 8/8
  5151 | D:6      | Found a shadowy altar of Dithmenos.
  5682 | D:6      | Noticed Prince Ribbit
  5710 | D:6      | Noticed a troll
  5721 | D:6      | Killed a troll
  6188 | D:6      | Killed Prince Ribbit
  6440 | D:6      | Got a crude flail
  6441 | D:6      | Identified the +8 flail "Coefim" {pain, Fragile rF+ Int+5 Dex+2} (You found it on level 6 of the Dungeon)
  6530 | D:7      | Reached skill level 2 in Maces & Flails
  6583 | D:7      | Reached skill level 3 in Maces & Flails
  6873 | D:6      | Reached skill level 4 in Maces & Flails
  7404 | D:7      | Reached XP level 10. HP: 43/78 MP: 9/9
  7642 | D:7      | Reached skill level 5 in Maces & Flails
  7647 | D:7      | Killed an unseen horror
  7647 | D:7      | Reached skill level 6 in Maces & Flails
  7827 | D:7      | Noticed Pawles22's ghost (novice MiMo)
  7844 | D:7      | Killed Pawles22's ghost
  7844 | D:7      | Reached skill level 7 in Maces & Flails
  7846 | D:7      | Reached skill level 8 in Maces & Flails
  8370 | D:7      | Found a radiant altar of Vehumet.
  8373 | D:7      | Found a blossoming altar of Fedhas.
  8376 | D:7      | Found a stormy altar of Qazlal.
  8455 | D:8      | Reached skill level 9 in Maces & Flails
  8467 | D:8      | Reached ***** piety under Trog
  8485 | D:8      | Reached skill level 10 in Maces & Flails
  8491 | D:8      | Noticed Tarasboulda's ghost (novice TrMo)
  8793 | D:8      | Found a blossoming altar of Fedhas.
  8796 | D:8      | Found a sand-covered staircase.
  8807 | Ossuary  | Entered an ossuary
  9382 | D:8      | Reached skill level 11 in Maces & Flails
  9457 | D:8      | Killed Tarasboulda's ghost
  9461 | D:8      | Reached XP level 11. HP: 66/84 MP: 10/10
  9474 | D:8      | Received a gift from Trog
  9477 | D:8      | Got an iridescent dire flail {god gift}
  9723 | D:8      | Reached skill level 12 in Maces & Flails
  9914 | D:8      | Got an ichor-stained helmet
 10111 | D:8      | Reached skill level 5 in Fighting
 10383 | D:9      | Found Zirro's Book Shop.
 10383 | D:9      | Found Diwu's Gadget Shop.
 10410 | D:9      | Found Qimnaem's Gadget Shop.
 10540 | D:9      | Noticed Psyche
 10552 | D:9      | Killed Psyche
 10856 | D:10     | Entered Level 10 of the Dungeon
 11330 | D:10     | Found a staircase to the Lair.
 11618 | D:10     | Received a gift from Trog
 11880 | D:11     | Reached ****** piety under Trog
 12167 | D:11     | Found a hazy altar of Hepliaklqana.
 12168 | D:11     | Identified the +8 dire flail of Slow Death {venom, *Rage rC+++ rN++} (Trog gifted it to you on level 8 of the Dungeon)
 12189 | D:11     | Noticed an eight-headed hydra
 12199 | D:11     | Killed an eight-headed hydra
 12417 | D:11     | Reached skill level 10 in Fighting
 12509 | D:11     | Got a warped granite ring
 12715 | D:11     | Noticed a two-headed ogre
 12721 | D:11     | Killed a two-headed ogre
 12722 | D:11     | Noticed a white ugly thing
 12872 | D:11     | HP: 5/100 [white ugly thing (30)]
 12873 | D:11     | Slain by a white ugly thing

Skill      XL: |  1  2  3  4  5  6  7  8  9 10 11 |
---------------+----------------------------------+-----
Axes           | 4 6 8 9 10 | 10.6
Fighting       | 4 10 | 10.8
Armour         | 3 7 9 |  9.5
Dodging        | 3 7 8 |  8.7
Maces & Flails | 4 11 12 | 12.6

Action                   |  1- 3 |  4- 6 |  7- 9 | 10-12 || total
-------------------------+-------+-------+-------+-------++-------
Melee: Hand axe          |    47 |    74 |   363 |       ||   484
       Headbutt          |    11 |    12 |    74 |    90 ||   187
       Flail             |       |       |    72 |   526 ||   598
Invok: Berserk           |       |     3 |     8 |     8 ||    19
       Trog's Hand       |       |       |     1 |     1 ||     2
Evoke: Wand              |       |       |     1 |     4 ||     5
  Use: Scroll            |       |     2 |     8 |    11 ||    21
       Potion            |       |       |     2 |     1 ||     3
  Eat: Chunk             |       |     3 |    15 |    21 ||    39
       Ration            |       |     1 |     3 |     2 ||     6
Armor: Animal skin       |     2 |       |       |       ||     2
       Robe              |     1 |       |       |       ||     1
       Scale mail        |     6 |    21 |    58 |       ||    85
       Chain mail        |       |       |   116 |   238 ||   354
Dodge: Dodged            |    38 |    41 |   189 |   290 ||   558
       Deflected         |       |       |    11 |    11 ||    22
